 Dungeon Crawl Stone Soup version 0.29-a0-298-g3c90f9a769 (webtiles) character file.

Game seed: 13743692391574685382

1110 Dabor the Magician (level 8, 0/41 HPs)
             Began as a Deep Elf Venom Mage on Mar 23, 2022.
             Was an Initiate of Lugonu.
             Slain by a centaur (1 damage)
             ... on level 6 of the Dungeon.
             The game lasted 00:09:16 (5673 turns).

Dabor the Magician (Deep Elf Venom Mage)            Turns: 5673, Time: 00:09:17

Health: 0/41       AC:  4    Str:  5      XL:     8   Next: 11%
Magic:  2/18       EV: 13    Int: 23      God:    Lugonu [......]
Gold:   163        SH:  0    Dex: 10 (21) Spells: 5/18 levels left

rFire   . . .      SeeInvis .   v - +3 flail (vorpal)
rCold   . . .      Faith    .   (no shield)
rNeg    . . .      Spirit   .   a - +0 robe
rPois   .          Reflect  .   m - +0 helmet
rElec   .          Harm     .   (no cloak)
rCorr   .          Rampage  .   (no gloves)
Will    +....                   d - +0 pair of boots
Stlth   ++........              (no amulet)
HPRegen 0.13/turn               r - +6 ring of dexterity
MPRegen 0.16/turn               u - ring of willpower

@: very slow
A: fangs 1, mutation resistance 1
a: Renounce Religion


You were on level 6 of the Dungeon.
You worshipped Lugonu.
Lugonu was noncommittal.
You visited 1 branch of the dungeon, and saw 7 of its levels.
You visited the Abyss 1 time.

You collected 163 gold pieces.

Inventory:

Hand Weapons
 f - a +1 spear of distortion
 j - a +0 dagger
 v - a +3 vorpal flail (weapon)
Armour
 a - a +0 robe (worn)
 d - a +0 pair of boots (worn)
 m - a +0 helmet (worn)
Magical Staves
 c - a staff of cold
Jewellery
 r - a +6 ring of dexterity (left hand)
 u - a ring of willpower (right hand)
Scrolls
 e - a scroll of teleportation
 g - 3 scrolls of fear
 i - 2 scrolls of identify
 k - 3 scrolls of enchant weapon
 l - 2 scrolls of immolation
 s - a scroll of noise
 w - a scroll of magic mapping {unknown}
Potions
 b - 2 potions of magic
 h - 2 potions of ambrosia
 n - a potion of brilliance {unknown}
 o - 2 potions of heal wounds
 p - 2 potions of lignification {unknown}
 q - a potion of resistance {unknown}
 t - 2 potions of cancellation {unknown}


   Skills:
 + Level 5.2 Dodging
 - Level 3.0 Stealth
 + Level 5.8 Spellcasting
 * Level 3.8 Conjurations
 - Level 3.0 Transmutations
 * Level 3.7 Earth Magic
 + Level 5.3 Poison Magic
 - Level 3.0 Invocations


You had 5 spell levels left.
You knew the following spells:

 Your Spells              Type           Power      Damage    Failure   Level
a - Sting                 Tmut/Pois      100%       1d8       1%          1
b - Poisonous Vapours     Pois/Air       38%        N/A       4%          2
c - Olgreb's Toxic Radia  Pois           31%        N/A       10%         4
d - Iron Shot             Conj/Erth      12%        9d3       95%         6

Your spell library contained the following spells:

 Spells                   Type           Power      Damage    Failure   Level
 Mephitic Cloud           Conj/Pois/Air  20%        N/A       8%          3
 Call Canine Familiar     Summ           6%         N/A       26%         3
 Portal Projectile        Hex/Tloc       12%        N/A       26%         3
 Animate Armour           Summ/Erth      30%        N/A       36%         4
 Leda's Liquefaction      Hex/Erth       7%         N/A       36%         4
 Blade Hands              Tmut           10%        N/A       56%         5


Dungeon Overview and Level Annotations

Branches:
Dungeon (7/15)
 Temple: D:4-7

Altars:
Cheibriados

Shops:
D:3 [


Innate Abilities, Weirdness & Mutations

You have very sharp teeth.
You are somewhat resistant to further mutation.


Message History

You begin to radiate toxic energy.
The orc looks even sicker.
The centaur looks even sicker.
The orc throws a stone.
The stone hits you but does no damage.
The centaur shoots an arrow.
The arrow hits you.
The centaur looks even sicker.
Your toxic aura wanes.
You kill the orc!
Lugonu accepts your kill.
The centaur unwields a +0 shortbow.
The centaur closely misses you. x2
The centaur hits you.
The centaur kicks you but does no damage.
You hit the centaur. You bite the centaur, but do no damage.
The centaur is severely wounded.
The centaur misses you. The centaur closely misses you. The centaur hits you.
* * * LOW HITPOINT WARNING * * *
The centaur misses you.
Your magical contamination has completely faded away.
You barely miss the centaur.
The centaur is severely wounded.
The centaur barely misses you. The centaur kicks you.
* * * LOW HITPOINT WARNING * * *
The centaur completely misses you. The centaur misses you.
You barely miss the centaur. You bite the centaur, but do no damage.
The centaur is severely wounded.
The centaur hits you.
* * * LOW HITPOINT WARNING * * *
The centaur kicks you but does no damage.
The centaur hits you but does no damage.
The centaur kicks you.
* * * LOW HITPOINT WARNING * * *
The centaur hits you.
* * * LOW HITPOINT WARNING * * *
The centaur misses you.
You barely miss the centaur.
You punch the centaur, but do no damage.
The centaur is severely wounded.
The centaur closely misses you. The centaur kicks you.
* * * LOW HITPOINT WARNING * * *
The centaur hits you.
You die...

###########.#.#..#.#.#####
..........................
###########.#.#..#.#####.#
#.#.##.#.# #.#.##...#
#.#.##...# ###
#.#......#...
#.#.####.#.###
#....c@..)...#
#.##.###.#.#.#
##.........# #.#.###)###
#.#.# #).# #.#.# ##>#
#.#.# )# #.#.# .. #.#.#
...


You could see a centaur (very poisoned).

Vanquished Creatures
  A water moccasin (D:5)
  A sky beast (D:7)
  A black bear (D:4)
  An ogre (D:4)
  A necrophage (D:4)
  A bullfrog (D:6)
  2 scorpions
  A gnoll shaman (D:5)
  3 hounds
  A centaur skeleton (D:3)
  An orc priest (D:6)
  3 iguanas
  An orc wizard (D:5)
  4 gnolls (D:5)
  6 adders
  An ufetubus (D:6)
  An adder skeleton (D:3)
  2 worms
  A dart slug (D:1)
  10 orcs
  6 ball pythons
  3 bats
  An endoplasm (D:4)
  6 giant cockroaches
  7 goblins
  9 hobgoblins
  11 kobolds
  4 frilled lizards
  A quokka zombie (D:3)
  7 rats
98 creatures vanquished.

Vanquished Creatures (others)
  2 withered plants (D:3)
2 creatures vanquished.

Grand Total: 100 creatures vanquished

Notes
Turn   | Place    | Note
-------+----------+-------------------------------------------
     0 | D:1      | Dabor the Deep Elf Venom Mage began the quest for the Orb.
     0 | D:1      | Reached XP level 1. HP: 10/10 MP: 6/6
   325 | D:1      | Reached XP level 2. HP: 15/15 MP: 6/8
  1049 | D:2      | Found a faded altar of an unknown god.
  1134 | D:2      | Prayed at the altar of an unknown god.
  1134 | D:2      | Became a worshipper of Cheibriados the Contemplative
  1134 | D:2      | Reached * piety under Cheibriados
  1242 | D:2      | Reached XP level 3. HP: 6/19 MP: 4/9
  1905 | D:2      | Reached XP level 4. HP: 24/24 MP: 7/11
  1952 | D:2      | Gained mutation: You have very sharp teeth. [potion of
                  | mutation]
  1952 | D:2      | Gained mutation: You are somewhat resistant to further
                  | mutation. [potion of mutation]
  2381 | D:2      | Learned a level 2 spell: Poisonous Vapours
  2386 | D:2      | Learned a level 4 spell: Olgreb's Toxic Radiance
  2557 | D:3      | Reached ** piety under Cheibriados
  2631 | D:3      | Reached skill level 1 in Invocations
  2909 | D:3      | Found Keqef's Antique Armour Boutique.
  3377 | D:4      | Noticed a black bear
  3386 | D:4      | Killed a black bear
  3387 | D:4      | Reached XP level 5. HP: 15/28 MP: 0/13
  3611 | D:4      | You fall into a shaft and drop 1 floor!
  3611 | D:5      | Entered Level 5 of the Dungeon
  3635 | D:4      | Reached XP level 6. HP: 15/32 MP: 1/14
  3782 | D:4      | Learned a level 6 spell: Iron Shot
  3929 | D:4      | Reached skill level 1 in Conjurations
  3929 | D:4      | Reached skill level 1 in Earth Magic
  4610 | D:5      | Reached *** piety under Cheibriados
  4611 | D:5      | Reached skill level 5 in Spellcasting
  4611 | D:5      | Reached XP level 7. HP: 36/36 MP: 6/16
  4942 | D:5      | Noticed a vampire mosquito
  4943 | D:5      | Noticed a vampire mosquito
  4943 | D:5      | Noticed a vampire mosquito
  4945 | D:5      | Noticed a vampire mosquito
  5009 | D:5      | Reached skill level 5 in Poison Magic
  5095 | D:5      | Reached skill level 5 in Dodging
  5096 | D:5      | Cast into level 2 of the Abyss (unwielding a weapon of
                  | distortion)
  5096 | Abyss:2  | Found a corrupted altar of Lugonu.
  5100 | Abyss:2  | Fell from the grace of Cheibriados
  5100 | Abyss:2  | Became a worshipper of Lugonu the Unformed
  5100 | Abyss:2  | Reached * piety under Lugonu
  5101 | D:5      | Escaped the Abyss
  5303 | D:5      | You fall into a shaft and drop 2 floors!
  5383 | D:6      | Reached XP level 8. HP: 27/41 MP: 5/18
  5673 | D:6      | HP: 1/41 [centaur (3)]
  5673 | D:6      | Slain by a centaur

Illustrated notes

Levels and vault maps discovered:
D:1:      lemuel_arrival_hallway, layout_basic, minmay_worlds_worst_comb
D:2:      layout_loops_ring, hellmonk_ecumenical_altar_heavens_door,
          minmay_misc_feat_columns, minmay_surrounded
D:3:      layout_loops_ring, serial_undead, serial_undead_a, serial_undead_b,
          serial_undead_d, serial_undead_c, serial_shops,
          nicolae_shop_hallway_plus
D:4:      layout_gridville
D:5:      layout_cave_pools, serial_park, serial_park_fountain,
          serial_park_tiny_pond, serial_park_square2, serial_park_tiny_1
D:6:      layout_basic, kennysheep_generic_room_7
D:7:      layout_loops_ring, temple_doors_cd, minmay_ruined_shrine,
          uniq_duvessa, uniq_crazy_yiuf_cottage, uniq_pikel

Skill      XL: |  1  2  3  4  5  6  7 |
---------------+----------------------+-----
Dodging        | 3 4 5 |  5.2
Stealth        | 3 |  3.0
Transmutations | 2 3 |  3.0
Invocations    | 1 2 3 |  3.0
Spellcasting   | 4 5 |  5.8
Poison Magic   | 4 5 |  5.3
Conjurations   | 1 3 |  3.8
Earth Magic    | 1 3 |  3.7

Action                   |  1- 3 |  4- 6 |  7- 9 || total
-------------------------+-------+-------+-------++-------
Melee: Dagger            |    19 |       |       ||    19
       Spear             |       |    17 |    11 ||    28
       Bite              |       |       |     4 ||     4
       Flail             |       |       |     6 ||     6
       Punch             |       |       |     1 ||     1
 Cast: Sting             |    57 |    82 |    23 ||   162
       Poisonous Vapours |       |     4 |     1 ||     5
       Olgreb's Toxic Ra |       |     5 |    14 ||    19
Invok: Depart the Abyss  |       |       |     1 ||     1
  Use: Potion            |     1 |     5 |       ||     6
       Scroll            |       |     4 |     4 ||     8
 Stab: Sleeping          |       |     1 |     2 ||     3
Armor: Robe              |    15 |    19 |    12 ||    46
Dodge: Dodged            |    60 |    54 |    70 ||   184

Table legend: (Time is in decaauts)
 A = Elapsed time spent in this place.
 B = Non-inter-level travel time spent in this place.
 C = Inter-level travel time spent in this place.
 D = Time resting spent in this place.
 E = Time spent auto-exploring this place.
 F = Levels seen in this place.
 G = Mean time per level.
                   A        B        C        D        E       F      G
               +--------+--------+--------+--------+--------+-----+--------+
         Total |   6690 |   6479 |    211 |    166 |   5388 |   8 |  836.2 |
       Dungeon |   6684 |   6473 |    211 |    166 |   5388 |   7 |  954.9 |
         Abyss |      6 |      6 |      0 |      0 |      0 |   1 |    6.0 |
               +--------+--------+--------+--------+--------+-----+--------+

Top non-repeatable levels by time:
     D:2: 1971 daAuts
     D:4: 1619 daAuts
     D:3: 1082 daAuts
     D:1: 775 daAuts
     D:5: 717 daAuts
     D:6: 440 daAuts
     D:7: 77 daAuts
 Abyss:2: 6 daAuts
